 Dungeon Crawl Stone Soup version 0.20.0-15-g7f486f2 (webtiles) character file.

312 sagitran the Chopper (level 6, 0/48 HPs)
             Began as a Demonspawn Wanderer on June 11, 2017.
             Was a Follower of Fedhas.
             Succumbed to a worker ant's poison
             ... on level 4 of the Dungeon.
             The game lasted 00:39:11 (2524 turns).

sagitran the Chopper (Demonspawn Wanderer)          Turns: 2524, Time: 00:39:12

Health: 0/48       AC:  9    Str: 16    XL:     6   Next: 18%
Magic:  6/6        EV: 13    Int: 18    God:    Fedhas [*.....]
Gold:   123        SH:  8    Dex: 16    Spells: 5/5 levels left

rFire    . . .     SeeInvis .   b - +1 hand axe
rCold    . . .     Gourm    .   a - +0 shield
rNeg     . . .     Faith    .   c - +0 ring mail
rPois    .         Spirit   .   (helmet restricted)
rElec    .         Reflect  .   j - scarf {repulsion}
rCorr    .         Harm     .   (no gloves)
MR       .....                  f - +1 pair of boots
Stlth    ++........             (no amulet)
Regen    0.2/turn               (no ring)
MPRegen  0.1/turn               (no ring)

@: brilliant, agile, lethally poisoned (0 -> -8), hasted, repel missiles, very
quick
A: antennae 1, icy blue scales 1, demonic guardian 1
a: Fungal Bloom, Evolution, Renounce Religion


You were on level 4 of the Dungeon.
You worshipped Fedhas.
Fedhas was aware of your devotion.
You were not hungry.

You visited 1 branch of the dungeon, and saw 4 of its levels.

You collected 123 gold pieces.

Inventory:

Hand Weapons
 b - a +1 hand axe (weapon)
 d - a +0 hunting sling
Missiles
 n - 68 stones (quivered)
Armour
 a - a +0 shield (worn)
 c - a +0 ring mail (worn)
 f - a +1 pair of boots (worn)
 j - a scarf of repulsion (worn)
Scrolls
 k - 4 scrolls of teleportation
 o - 2 scrolls of magic mapping
 q - a scroll of remove curse
 r - a scroll of recharging
Potions
 m - 2 potions of agility
Comestibles
 g - 2 royal jellies
 i - 4 meat rations
 l - a bread ration


   Skills:
 + Level 3.8 Fighting
 + Level 4.3 Axes
 + Level 0.3(0.7) Slings
 + Level 1.0 Throwing
 + Level 3.0 Armour
 + Level 1.4 Dodging
 + Level 0.8 Stealth
 + Level 2.2 Shields


You had 5 spell levels left.
You didn't know any spells.

Dungeon Overview and Level Annotations

Branches:
Dungeon (4/15)
 Temple: D:4-7

Altars:
Cheibriados
Fedhas
Nemelex Xobeh
Trog


Innate Abilities, Weirdness & Mutations

You have a pair of small antennae on your head.
You are partially covered in icy blue scales. (AC +2)
A weak demonic guardian rushes to your aid.


Message History

You feel sick. You block the worker ant's attack.
You swap places.
* * * LOW HITPOINT WARNING * * *
You feel sick.
Your quasit barely misses the worker ant.
Your quasit misses the worker ant.
Your quasit claws the worker ant but does no damage.
The worker ant misses your quasit.
You swap places.
Your quasit bites the worker ant.
Your quasit claws the worker ant but does no damage. x2
A hound comes into view.
There is a stone staircase leading down here.
* * * LOW HITPOINT WARNING * * *
You feel sick.
The worker ant completely misses your quasit.
Your quasit bites the worker ant but does no damage.
Your quasit misses the worker ant.
Your quasit claws the worker ant.
The worker ant bites your quasit but does no damage.
You die...
Fedhas appreciates your contribution to the ecosystem.

##############
#............#
#.##########.# #.#
#.# #.#
#######.####
##.####....(..h5@#
........#####.##5#
##............##5#
#.>#########.##a#
#..# #.##y#
#..###### #.##.#
##........ ..##..
#.#.###### #.###.#
....# .#


You could see a hound, a worker ant, a killer bee, a friendly iron imp, a
friendly quasit and a friendly ufetubus.

Vanquished Creatures
  A killer bee (D:4)
  An iguana (D:3)
  3 adders (D:2)
  4 oozes
  3 worms
  A leopard gecko (D:2)
  3 orcs
  2 ball pythons
  A giant cockroach (D:2)
  8 goblins
  6 hobgoblins
  2 jackals (D:1)
  7 bats
  7 frilled lizards
  2 kobolds
  11 rats
62 creatures vanquished.

Vanquished Creatures (collateral kills)
  The ghost of Ashar the Cudgeler, an amateur DsBe of Trog (D:3)
  A killer bee (D:4)
  3 gnolls (D:3)
5 creatures vanquished.

Vanquished Creatures (others)
  39 toadstools
39 creatures vanquished.

Grand Total: 106 creatures vanquished

Notes
Turn   | Place    | Note
-------+----------+-------------------------------------------
     0 | D:1      | sagitran the Demonspawn Wanderer began the quest for the Orb.
     0 | D:1      | sagitran set off with: a +0 shield, a +0 hand axe, a +0 ring mail, a bread ration
     0 | D:1      | Reached XP level 1. HP: 18/18 MP: 1/1
   154 | D:1      | Reached skill level 3 in Axes
   154 | D:1      | Gained mutation: You have a pair of small antennae on your head. [demonic ancestry]
   154 | D:1      | Reached XP level 2. HP: 20/24 MP: 2/2
   846 | D:2      | Gained mutation: A weak demonic guardian rushes to your aid. [demonic ancestry]
   846 | D:2      | Reached XP level 3. HP: 26/29 MP: 3/3
  1053 | D:2      | Found a bloodstained altar of Trog.
  1053 | D:2      | Found a sparkling altar of Nemelex Xobeh.
  1053 | D:2      | Found a blossoming altar of Fedhas.
  1092 | D:2      | Became a worshipper of Fedhas Madash
  1468 | D:2      | Found a bloodstained altar of Trog.
  1471 | D:2      | Reached XP level 4. HP: 35/35 MP: 4/4
  1879 | D:2      | Reached * piety under Fedhas
  1908 | D:3      | Reached skill level 1 in Dodging
  1950 | D:3      | Noticed Ashar's ghost (amateur DsBe)
  1976 | D:3      | Killed Ashar's ghost
  1976 | D:3      | Gained mutation: You are partially covered in icy blue scales. (AC +2) [demonic ancestry]
  1976 | D:3      | Reached XP level 5. HP: 41/41 MP: 5/5
  2056 | D:3      | Found a snail-covered altar of Cheibriados.
  2082 | D:3      | Reached skill level 4 in Axes
  2489 | D:4      | Reached XP level 6. HP: 22/48 MP: 6/6
  2520 | D:4      | HP: 2/48 [poisoned by a worker ant]
  2524 | D:4      | Succumbed to a worker ant's poison

Skill      XL: |  1  2  3  4  5  6 |
---------------+-------------------+-----
Axes           | 3 4 |  4.3
Armour         | 2 3 |  3.0
Dodging        | 1 |  1.4
Shields        | 2 |  2.2
Fighting       | |  3.8
Slings         | |  0.3
Throwing       | |  1.0
Stealth        | |  0.8

Action                   |  1- 3 |  4- 6 || total
-------------------------+-------+-------++-------
Melee: Hand axe          |   132 |   147 ||   279
 Fire: Hunting sling     |     1 |    11 ||    12
Throw: Throwing net      |       |     2 ||     2
Invok: Fungal Bloom      |     4 |    13 ||    17
  Use: Scroll            |     4 |     3 ||     7
       Potion            |       |     8 ||     8
 Stab: Distracted        |       |     1 ||     1
  Eat: Bread ration      |     1 |     1 ||     2
Armor: Ring mail         |    68 |    56 ||   124
Dodge: Dodged            |    46 |    44 ||    90
Block: Shield            |    53 |    66 ||   119
